 Dungeon Crawl Stone Soup version 0.31-a0-819-gf6de2f5ab6 (webtiles) character file.

Game seed: 4195800778189044762

303 qw the Shooter (level 6, -7/38 HPs)
             Began as a Gargoyle Hunter on Sept 23, 2023.
             Mangled by an ogre
             ... wielding a +0 giant club
              (21 damage)
             ... on level 4 of the Dungeon.
             The game lasted 00:01:02 (2225 turns).

qw the Shooter (Gargoyle Hunter)                    Turns: 2225, Time: 00:01:03

Health: -7/38      AC: 12    Str: 15    XL:     6   Next: 38%
Magic:  6/6        EV: 16    Int:  9    God:
Gold:   117        SH:  5    Dex: 15    Spells: 5/5 levels left

rFire   . . .        Y - +1 shortbow
rCold   . . .        (shield currently unavailable)
rNeg    + . .        e - +0 ring mail
rPois   inf          k - +1 helmet
rElec   +            g - +0 cloak
rCorr   .            (no gloves)
SInv    .            (no boots)
Will    .....        h - amulet of reflection
Stlth   +            b - +5 ring of evasion
HPRegen 0.26/turn    (no ring)
MPRegen 0.10/turn

%: reflection
@: no status effects
A: sickness immunity, AC +4, negative energy resistance 1, electricity
resistance, torment resistance 1, petrification resistance
a: no special abilities


You were on level 4 of the Dungeon.
You visited 1 branch of the dungeon, and saw 4 of its levels.

You collected 117 gold pieces.


Innate Abilities, Weirdness & Mutations

You are immune to sickness and miasma.
Your stone body is resilient. (AC +4)
You are immune to poison.
You resist negative energy. (rN+)
You are resistant to electric shocks. (rElec)
You are resistant to unholy torment.
You are immune to petrification.


   Skills:
 + Level 3.8 Fighting
 - Level 6.7 Ranged Weapons
 - Level 1.2 Armour
 - Level 1.5 Dodging
 - Level 1.1 Stealth


You had 5 spell levels left.
You didn't know any spells.
Your spell library was empty.

Inventory:

Hand Weapons
 Y - a +1 shortbow (weapon)
Armour
 e - a +0 ring mail (worn)
 g - a +0 cloak (worn)
 k - a +1 helmet (worn)
Jewellery
 b - a +5 ring of evasion (left hand)
 h - an amulet of reflection (around neck)
Scrolls
 f - a scroll of teleportation
 j - a scroll of identify
Potions
 a - a potion of haste
 c - a potion of degeneration {unknown}
 d - a potion of heal wounds {unknown}
 i - a potion of mutation {unknown}
 n - a potion of attraction {unknown}

Dungeon Overview and Level Annotations

Branches:
Dungeon (4/15)
 Temple: D:4-7

Altars:

Shops:
D:4 (

Annotations:
D:2 1 runed translucent door, Crazy Yiuf


Message History

You kill the hobgoblin!
There is an entrance to Kaextuqyph's Antique Weapon Shoppe here.
2206 ||| SHOPLISTING glowing orcbow (136 gold, have 117).
You can access your shopping list by pressing '$'.
A giant cockroach comes into view.
You shoot an arrow.
The arrow barely misses the giant cockroach.
You shoot an arrow. The arrow hits the giant cockroach.
The giant cockroach is severely wounded.
You shoot an arrow.
The arrow barely misses the giant cockroach.
You shoot an arrow. The arrow hits the giant cockroach.
You kill the giant cockroach!
You see here a giant cockroach corpse.
Found a stone staircase leading down.
An ogre comes into view. It is wielding a +0 giant club.
Found 5 stones.
You shoot an arrow. The arrow hits the ogre!
The ogre is moderately wounded.
You shoot an arrow. The arrow hits the ogre!
The ogre is heavily wounded.
You shoot an arrow. The arrow hits the ogre.
The ogre is severely wounded.
You shoot an arrow. The arrow hits the ogre.
The ogre is severely wounded.
You shoot an arrow.
The arrow hits the ogre but does no damage.
The ogre is severely wounded.
You block the ogre's attack.
You shoot an arrow. The arrow hits the ogre.
The ogre is severely wounded.
The ogre hits you with a +0 giant club!
You shoot an arrow. The arrow hits the ogre.
The ogre is almost dead.
You shoot an arrow. The arrow barely misses the ogre.
The ogre hits you with a +0 giant club!
You shoot an arrow. The arrow barely misses the ogre.
The ogre hits you with a +0 giant club!!
Ouch! That really hurt!
You die...

#...#........#..#
#..............\#
#...............#
.
.<..............#
.. ..##.
.........# ...
..#
........%####>...
.....
.................
.....
.........##......
.##.#
###.#...@.....#
.. ..
......O.#....# #.
.......... .#..(
..#.#.#.... # ##
. #.........
..........#
............
..........#.#


You could see an ogre.

Vanquished Creatures
  Sigmund (D:2)
  An iguana (D:4)
  Robin (D:2)
  An adder (D:3)
  A dart slug (D:3)
  A worm (D:3)
  6 orcs
  5 ball pythons
  4 endoplasms
  3 giant cockroaches
  18 goblins
  13 hobgoblins
  5 quokkas
  5 bats
  3 frilled lizards
  10 kobolds
  4 rats
82 creatures vanquished.

Notes
Turn   | Place    | Note
-------+----------+-------------------------------------------
     0 | D:1      | qw the Gargoyle Hunter began the quest for the Orb.
     0 | D:1      | Reached XP level 1. HP: 12/12 MP: 1/1
     0 | D:1      | 0 ||| qw: Version: 0.3-a-83-gcd0e7d8
     0 | D:1      | 0 ||| qw: Game counter: 1596
     0 | D:1      | 0 ||| qw: Melee chars always use a shield: true
     0 | D:1      | 0 ||| qw: God list: Okawaru
     0 | D:1      | 0 ||| qw: Allow faded altars: false
     0 | D:1      | 0 ||| qw: Do Orc after clearing Dungeon:15 true
     0 | D:1      | 0 ||| qw: Do second Lair branch before Depths: true
     0 | D:1      | 0 ||| qw: Lair rune preference: random
     0 | D:1      | 0 ||| qw: Goals: Normal
     0 | D:1      | 0 ||| PLANNING D:1-11
     2 | D:1      | Noticed a formicid
     2 | D:1      | Noticed a vampire
     4 | D:1      | Noticed an ogre
     4 | D:1      | Noticed a troll
     6 | D:1      | Noticed an armataur
     6 | D:1      | Noticed a vine stalker
     8 | D:1      | Noticed a demigod
     8 | D:1      | Noticed a merfolk
    10 | D:1      | Noticed an octopode
    12 | D:1      | Noticed a gargoyle
    14 | D:1      | Noticed a ghoul
    14 | D:1      | Noticed a meteoran
    16 | D:1      | Noticed an elf
    16 | D:1      | Noticed a tengu
    18 | D:1      | Noticed a human
    18 | D:1      | Noticed a minotaur
    20 | D:1      | Noticed a naga
    20 | D:1      | Noticed a draconian
    22 | D:1      | Noticed a demonspawn
    24 | D:1      | Noticed a troll
    24 | D:1      | Noticed a spriggan
    26 | D:1      | Noticed a demigod
    26 | D:1      | Noticed a demigod
   216 | D:1      | Reached XP level 2. HP: 10/17 MP: 2/2
   482 | D:1      | Reached XP level 3. HP: 21/21 MP: 3/3
   634 | D:1      | Reached skill level 5 in Ranged Weapons
   731 | D:1      | 731 ||| UPGRADING to +0 cloak.
   736 | D:1      | 736 ||| UPGRADING to amulet of reflection.
   741 | D:1      | 741 ||| DROPPING amulet of guardian spirit.
   742 | D:1      | 742 ||| READING scroll labelled QIALO CAON.
   743 | D:1      | 743 ||| READING scroll labelled CEUNEAH QIUMM.
   744 | D:1      | 744 ||| READING scroll labelled EBEPAB YRGHAW.
   749 | D:1      | 749 ||| DROPPING scroll of butterflies.
   919 | D:2      | Found a runed translucent door.
   920 | D:2      | Noticed Crazy Yiuf
  1140 | D:2      | Noticed Robin
  1149 | D:2      | Killed Robin
  1150 | D:2      | Reached skill level 3 in Fighting
  1159 | D:2      | Reached XP level 4. HP: 23/28 MP: 4/4
  1284 | D:2      | Noticed Sigmund
  1301 | D:2      | Killed Sigmund
  1302 | D:2      | Reached skill level 6 in Ranged Weapons
  1302 | D:2      | Reached XP level 5. HP: 27/32 MP: 5/5
  1302 | D:2      | Reached XP level 6. HP: 31/37 MP: 6/6
  1607 | D:2      | 1607 ||| UPGRADING to +0 ring mail.
  1617 | D:2      | 1617 ||| DROPPING +0 leather armour.
  1618 | D:2      | 1618 ||| UPGRADING to +0 helmet.
  1623 | D:2      | 1623 ||| READING 2 scrolls labelled UGUOPAUMNO.
  1624 | D:2      | 1624 ||| READING scroll labelled OBBELE EPHO.
  1625 | D:2      | 1625 ||| READING scroll labelled FOCASU FUSTIGG.
  1626 | D:2      | 1626 ||| READING scroll labelled BIOMEBO CIASU.
  1627 | D:2      | 1627 ||| READING 2 scrolls of identify.
  1627 | D:2      | 1627 ||| IDENTIFYING yellow potion
  1628 | D:2      | 1628 ||| DROPPING scroll of blinking.
  1629 | D:2      | 1629 ||| DROPPING potion of brilliance.
  1788 | D:3      | Reached skill level 1 in Armour
  2041 | D:3      | Found a faded altar of an unknown god.
  2098 | D:3      | 2098 ||| UPGRADING to +5 ring of evasion.
  2099 | D:3      | 2099 ||| READING scroll labelled FUQEAT ESTRAUN.
  2100 | D:3      | 2100 ||| READING scroll labelled ITEURI ARES.
  2101 | D:3      | 2101 ||| READING 2 scrolls of identify.
  2101 | D:3      | 2101 ||| IDENTIFYING lumpy silvery potion
  2148 | D:4      | 2148 ||| READING scroll of enchant armour.
  2148 | D:4      | 2148 ||| ENCHANTING +0 helmet.
  2190 | D:4      | Found Kaextuqyph's Antique Weapon Shoppe.
  2206 | D:4      | 2206 ||| SHOPLISTING glowing orcbow (136 gold, have 117).
  2225 | D:4      | Mangled by an ogre

Levels and vault maps discovered:
D:1:      kb_arrival_jail, layout_loops_cross
D:2:      layout_loops_ring, serial_park_tiny_2, serial_park_tiny_pond,
          minmay_tetromino_o4, uniq_sigmund, uniq_robin, uniq_crazy_yiuf_cottage
D:3:      layout_basic, shapermc_ecumenical_altar_rom_forum
D:4:      layout_rooms, serial_shops, nicolae_shop_window_shopping, shop_coins,
          shop, shop

Skill      XL: |  1  2  3  4  5  6 |
---------------+-------------------+-----
Ranged Weapons | 5 6 |  6.7
Fighting       | 3 |  3.8
Armour         | 1 |  1.2
Dodging        | |  1.5
Stealth        | |  1.1

Action                     |  1- 3 |  4- 6 || total
---------------------------+-------+-------++-------
   Fire: Shortbow          |   105 |   133 ||   238
    Use: Scroll            |     3 |     9 ||    12
 Armour: Leather armour    |    28 |    23 ||    51
         Ring mail         |       |     8 ||     8
  Dodge: Dodged            |    29 |    30 ||    59
  Block: Other             |     8 |    14 ||    22

Table legend:
 A = Non-vault XP
 B = Vault XP
 C = Vault XP percentage of total XP
 D = Non-vault monster count
 E = Vault monster count
 F = Vault count percentage of total count
                 A         B        C        D         E       F
            +---------+---------+-------+---------+---------+-------
      Total |     174 |     260 |  59.9 |      68 |      14 |  17.1
            +---------+---------+-------+---------+---------+-------
        D:1 |      39 |       0 |   0.0 |      24 |       0 |   0.0
        D:2 |      30 |     260 |  89.7 |      16 |      14 |  46.7
        D:3 |      48 |       0 |   0.0 |      19 |       0 |   0.0
        D:4 |      57 |       0 |   0.0 |       9 |       0 |   0.0
            +---------+---------+-------+---------+---------+-------
